[Event "Oslo Chess Festival 2017"]
[Site "Oslo"]
[Date "2017.09.30"]
[Round "2"]
[White "Bartholomew, John"]
[Black "Li, Xueyi"]
[Result "1/2-1/2"]
[ECO "D36"]
[WhiteElo "2449"]
[BlackElo "2157"]
[Annotator "NA"]
[PlyCount "77"]
[EventDate "2017.??.??"]
[EventType "swiss"]
[EventCountry "NOR"]
[SourceTitle "playchess.com"]
[Source "ChessBase"]
[SourceQuality "1"]
[TimeControl "5400+30"]

1. d4 d5 2. c4 e6 3. Nc3 c6 4. cxd5 exd5 5. Qc2 Nf6 6. Bg5 Na6 7. a3 Nc7 8. e3 Be7 9. Bd3 {[%emt 0:04:35] D36: Queen's Gambit Declined: Exchange Variation: Main line (5 Bg5 c6 6 Qc2)} g6 10. Nf3 Ne6 11. Bh4 Ng7 (11... O-O 12. O-O Ng7 13. b4 a6 14. Na4 Bf5 15. Nc5 Ra7 16. a4 Bxd3 17. Nxd3 Nf5 18. Bxf6 Bxf6 19. b5 cxb5 20. axb5 a5 21. Rfc1 b6 {1-0 (59) Carlsen,M (2850)-Bruzon Batista,L (2659) Berlin 2015}) 12. O-O Bf5 13. b4 a6 {[%emt 0:10:51] LiveBook: 12 Games} 14. a4 Bxd3 15. Qxd3 Bxb4 $146 {[%emt 0:01:24] [#]} (15... Nf5 $11 {keeps the balance.}) ({Predecessor:} 15... O-O 16. b5 axb5 17. axb5 Nf5 18. Bg5 Nd7 {1-0 (53) Glidzhain,G (2354)-Imashev,I (2283) Ufa 2009}) 16. Rab1 $1 Bxc3 17. Qxc3 (17. Rxb7 $16 Qc8 18. Rfb1) 17... Ne4 18. Qb4 g5 19. Bg3 Ra7 $1 20. Qb6 Qxb6 21. Rxb6 O-O 22. Rfb1 Ne6 23. Rxb7 Rxb7 24. Rxb7 c5 25. h3 cxd4 26. exd4 Rc8 $11 27. Rb6 h5 28. Be5 Rc1+ 29. Kh2 Nxf2 30. g3 Nd3 31. Rxa6 Nxe5 32. Nxe5 Rc2+ 33. Kh1 Rc1+ 34. Kg2 Rc2+ 35. Kf1 Nxd4 36. Rf6 Ne2 37. g4 Ng3+ 38. Kg1 Ne2+ 39. Kf1 1/2-1/2

[Event "Oslo Chess Festival 2017"]
[Site "Oslo"]
[Date "2017.09.30"]
[Round "2"]
[White "Xu, Yi"]
[Black "Kyrkjebo, Erlend"]
[Result "1-0"]
[ECO "B52"]
[WhiteElo "2439"]
[BlackElo "2122"]
[Annotator "NA"]
[PlyCount "69"]
[EventDate "2017.??.??"]
[EventType "swiss"]
[EventCountry "NOR"]
[SourceTitle "playchess.com"]
[Source "ChessBase"]
[SourceQuality "1"]
[TimeControl "5400+30"]

1. e4 c5 2. Nf3 d6 3. Bb5+ Bd7 4. Bxd7+ Qxd7 5. c4 g6 6. d4 cxd4 7. Nxd4 Bg7 8. Nc3 Nc6 9. Be3 Nf6 10. f3 O-O 11. Rc1 {[%emt 0:01:11] B52: Sicilian: Moscow Variation with 3...Bd7} Rfd8 12. O-O e6 {[%emt 0:18:41] LiveBook: 12 Games} 13. Nxc6 {[%emt 0:09:41] [#]} Qxc6 $146 ({Predecessor:} 13... bxc6 14. Rf2 d5 15. Rd2 Qe8 16. e5 Nd7 17. f4 Nb6 18. b3 dxc4 19. Ne4 Nd5 {0-1 (33) Giri,A (2798)-Anand,V (2784) Zuerich 2016}) 14. Qe2 Nd7 15. Rfd1 a5 16. Nb5 Nc5 17. b3 b6 18. Rd2 Rd7 19. Rcd1 Rad8 20. Bg5 f6 21. Bf4 Bf8 22. Be3 Bg7 23. Kh1 Kf7 (23... h5 $142) 24. h3 Nb7 (24... Kg8 $16 25. Bf4 Bf8) 25. a3 Nc5 26. Nd4 Qc7 27. b4 Na6 28. b5 $18 Nb8 29. Rc2 Qc8 30. f4 f5 31. exf5 exf5 32. Qf3 Bxd4 33. Qd5+ Kf8 34. Qxd4 d5 35. Qh8+ 1-0

[Event "Oslo Chess Festival 2017"]
[Site "Oslo"]
[Date "2017.09.30"]
[Round "2"]
[White "Pigott, John C"]
[Black "Rishovd, Svein"]
[Result "1-0"]
[ECO "C18"]
[WhiteElo "2408"]
[BlackElo "2109"]
[Annotator "NA"]
[PlyCount "71"]
[EventDate "2017.??.??"]
[EventType "swiss"]
[EventCountry "NOR"]
[SourceTitle "playchess.com"]
[Source "ChessBase"]
[SourceQuality "1"]
[TimeControl "5400+30"]

1. e4 e6 2. d4 d5 3. Nc3 Bb4 4. e5 c5 5. a3 Ba5 6. b4 cxd4 7. Qg4 Kf8 {[%emt 0:00:17] C18: French: 3 Nc3 Bb4: Main line: 7 h4 and 7 Qg4} 8. Nb5 (8. bxa5 dxc3 9. Nf3 Nc6 10. h4 Nge7 11. h5 h6 12. a6 bxa6 13. Bd3 Rb8 14. Be3 Nf5 15. Bc5+ {½-½ (25) Salem,A (2656)-Vallejo Pons,F (2709) Sharjah 2017}) 8... Bb6 9. Nf3 ({Much worse is} 9. Nxd4 Qc7 $15) 9... Nc6 10. Bb2 $1 Nge7 11. Nbxd4 h5 12. Qf4 {[%emt 0:12:21] LiveBook: 3 Games} Ng6 13. Nxc6 bxc6 14. Qd2 Nh4 15. Nxh4 Qxh4 {[%emt 0:00:09] [#]} 16. Bd3 $146 a5 17. O-O g6 18. Kh1 Ba6 19. Qc3 Bxd3 20. cxd3 Bxf2 $2 {[%emt 0:05:48] [#]} (20... Kg7 $15 {keeps the upper hand.}) 21. d4 $1 ({And not} 21. Qxc6 Kg7 $15) 21... axb4 22. Qf3 ({And not} 22. Qxc6 Kg7 $17) 22... f5 23. exf6 ({Resist} 23. Rxf2 Kg7 $18) ({Less strong is} 23. Qxf2 Qxf2 24. Rxf2 bxa3 $18) 23... Bxd4 24. g3 Qg4 25. Qxg4 hxg4 26. Bxd4 Kf7 27. axb4 Rxa1 28. Rxa1 e5 29. Bxe5 Ke6 30. Bd4 Rb8 31. Re1+ Kf5 32. Rf1+ (32. f7 $142 c5 33. Re8 Rxe8 34. fxe8=Q cxd4 35. b5 d3 36. b6 Kf6 37. b7) 32... Ke6 33. f7 Rf8 34. Rf6+ $18 Ke7 35. Rxc6 Rxf7 36. Rc7+ 1-0

[Event "Oslo Chess Festival 2017"]
[Site "Oslo"]
[Date "2017.09.30"]
[Round "2"]
[White "Stark, Lars"]
[Black "Bentsen, Hakon"]
[Result "1/2-1/2"]
[ECO "E05"]
[WhiteElo "2397"]
[BlackElo "2071"]
[Annotator "NA"]
[PlyCount "119"]
[EventDate "2017.??.??"]
[EventType "swiss"]
[EventCountry "NOR"]
[SourceTitle "playchess.com"]
[Source "ChessBase"]
[SourceQuality "1"]
[TimeControl "5400+30"]

1. c4 Nf6 2. g3 e6 3. Bg2 d5 4. Nf3 Be7 5. O-O O-O 6. Ne5 Nc6 7. Nxc6 bxc6 8. d4 dxc4 9. Na3 {[%emt 0:10:50] LiveBook: 256 Partien} Bxa3 {[%emt 0:03:34] E05: Open Catalan: 5 Nf3 Be7} 10. Bxc6 (10. bxa3 Ba6 11. Qd2 Rb8 12. Rd1 Qc8 13. Qc2 h6 14. Bd2 Nd5 15. e4 Nb6 16. Bb4 Rd8 17. a4 Nd5 18. exd5 Rxb4 19. dxc6 {½-½ (71) Inarkiev,E (2707)-Hou,Y (2666) Geneve 2017}) 10... Bb7 11. Bxb7 Rb8 12. bxa3 Rxb7 13. Bg5 Qd5 14. Bxf6 gxf6 15. e3 c5 {[%emt 0:00:53] [#]} 16. Qg4+ $146 ({Predecessor:} 16. Rc1 cxd4 17. Qg4+ Kh8 18. Rfd1 d3 19. Rxc4 e5 20. Qf5 Qxc4 21. Qxf6+ Kg8 22. Qg5+ Kh8 23. Qf6+ {½-½ (24) Hansen,C (2600)-Antonsen,M (2458) Svendborg 2016}) 16... Qg5 17. Qf3 Rc7 18. h4 Qf5 19. Qxf5 exf5 20. d5 Rd8 21. Rfd1 Rcd7 22. Rac1 Rxd5 23. Rxd5 Rxd5 24. Rxc4 Rd3 25. Ra4 Rd2 26. Rxa7 Rxa2 27. Rc7 Rc2 28. a4 h5 29. a5 Kg7 30. a6 Kg6 31. a7 Ra2 32. Kf1 c4 33. Ke1 c3 34. Kd1 c2+ 35. Kd2 ({Auf keinen Fall} 35. Rxc2 $6 Ra1+ 36. Kd2 Rxa7 $16) 35... Kg7 36. f3 Kg6 37. e4 fxe4 38. fxe4 Kg7 39. Kc1 Kg6 40. Rc6 Kg7 41. Rc7 Kg6 42. Kd2 Kg7 43. Rxc2 Rxa7 44. Ke3 Ra1 45. Rf2 Kg6 46. Kf4 Ra4 47. Re2 f5 48. Kf3 fxe4+ 49. Rxe4 Rxe4 50. Kxe4 f6 51. Kf4 Kg7 52. Ke3 Kf7 53. Kf3 Ke6 54. Kf4 Ke7 55. Ke3 Ke6 56. Kf4 Ke7 57. Kf3 Ke6 58. Ke4 Ke7 59. Kd5 Kd7 $11 60. Ke4 1/2-1/2

[Event "Oslo Chess Festival 2017"]
[Site "Oslo"]
[Date "2017.09.30"]
[Round "2"]
[White "Ernst, Thomas"]
[Black "Gonzalez, Francisco Silva"]
[Result "1/2-1/2"]
[ECO "C78"]
[WhiteElo "2371"]
[BlackElo "2046"]
[Annotator "ChessBase"]
[PlyCount "51"]
[EventDate "2017.??.??"]
[EventType "swiss"]
[EventCountry "NOR"]
[SourceTitle "playchess.com"]
[Source "ChessBase"]
[SourceQuality "1"]
[TimeControl "5400+30"]

1. e4 e5 2. Nf3 Nc6 3. Bb5 a6 4. Ba4 Nf6 5. O-O Bc5 6. c3 b5 7. Bb3 d6 8. d4 Bb6 9. dxe5 Nxe5 10. Nxe5 dxe5 11. Qxd8+ Kxd8 12. Bxf7 Rf8 13. Bd5 Nxd5 14. exd5 Bb7 15. c4 bxc4 16. Nc3 Bd4 17. Be3 Bxc3 18. bxc3 Bxd5 19. Rad1 c6 20. Rb1 Kc7 21. f4 Rab8 22. Rxb8 Rxb8 23. fxe5 Rb2 24. Rf2 Rb1+ 25. Rf1 Rb2 26. Rf2 1/2-1/2

[Event "Oslo Chess Festival 2017"]
[Site "Oslo"]
[Date "2017.09.30"]
[Round "2"]
[White "Maksimovic, Branimir"]
[Black "Bruaset, Eivind"]
[Result "0-1"]
[ECO "C18"]
[WhiteElo "2343"]
[BlackElo "2012"]
[Annotator "NA"]
[PlyCount "146"]
[EventDate "2017.??.??"]
[EventType "swiss"]
[EventCountry "NOR"]
[SourceTitle "playchess.com"]
[Source "ChessBase"]
[SourceQuality "1"]
[TimeControl "5400+30"]

1. e4 e6 2. d4 d5 3. Nc3 Bb4 4. e5 c5 5. a3 Bxc3+ 6. bxc3 Qa5 7. Bd2 Qa4 8. Qg4 g6 9. Nf3 {[%emt 0:01:15] C18: French: 3 Nc3 Bb4: Main line: 7 h4 and 7 Qg4} c4 (9... Nc6 10. Be2 b6 11. O-O cxd4 12. Nxd4 Nxd4 13. cxd4 Ba6 14. Bxa6 Qxa6 15. c4 Ne7 16. Bb4 Qb7 17. Bxe7 Qxe7 18. cxd5 exd5 {1-0 (50) Bobras,P (2523)-Socko,B (2613) Bialystok 2016}) 10. Be2 {[%emt 0:01:39] LiveBook: 5 Games} Qxc2 11. O-O h6 ({Predecessor:} 11... Nd7 12. a4 Qf5 13. Qg3 h5 14. Nh4 Qc2 15. Qg5 Nf8 16. Rfc1 Qb2 {½-½ (45) Papp,P (2302)-Stojkovska,M (1997) Skopje 2014}) 12. Bd1 Qf5 13. Qg3 g5 14. Ra2 Qg6 $1 15. Bc2 Qh5 16. Bd1 Qg6 17. h4 gxh4 18. Qxh4 Ne7 19. Bc2 Nf5 20. Qh3 Qg7 21. g3 Nc6 22. Kg2 Nce7 23. Rb2 b6 24. a4 Bd7 25. a5 b5 26. a6 Kd8 (26... Rb8 $1 $11) 27. Rh1 Rb8 {[%emt 0:04:53] [#]} (27... Kc7 $14) 28. Bg5 $1 Rg8 29. Bf6 ({Not} 29. Bxh6 Nxh6 30. Qxh6 Qxh6 $15) 29... Qf8 30. Kf1 $2 ({White should try} 30. Bxf5 $1 $16 exf5 31. Qxh6) 30... Kc7 31. g4 Ng6 $2 (31... Nc6 $1 $15 {behält die Oberhand.} 32. gxf5 Qa3) 32. gxf5 Qa3 33. fxg6 Qxb2 34. Ne1 fxg6 35. Be7 Rb6 36. Bd6+ Kc6 37. Qxh6 Rxa6 38. Qd2 Rb6 39. Ke2 Qa1 40. Rg1 Qa6 41. Rxg6 Qc8 42. Qg5 Rxg6 43. Bxg6 Be8 44. Nc2 a5 45. f4 Rb7 46. f5 Bxg6 47. fxg6 Rg7 48. Kd2 Qg8 49. Kc1 Rxg6 50. Qe7 Rg7 51. Qf6 Rg6 52. Qh4 Rg4 53. Qh6 Rg6 54. Qf8 Qxf8 55. Bxf8 Rg3 56. Kb2 Rg2 57. Be7 Kd7 58. Bc5 Kc6 59. Be7 Kd7 60. Bf8 Kc6 61. Kc1 Rg3 62. Kb2 Rg2 63. Bh6 b4 64. Kb1 Kb5 65. Bf8 Rg3 66. cxb4 axb4 67. Kb2 Ka4 68. Kb1 Kb3 69. Bxb4 Rg2 70. Ne1 Rg1 $19 71. Bd2 c3 72. Kc1 cxd2+ 73. Kxd2 Rxe1 0-1

[Event "Oslo Chess Festival 2017"]
[Site "Oslo"]
[Date "2017.09.30"]
[Round "2"]
[White "Efroimski, Marsel"]
[Black "Ilyes, Peter"]
[Result "1-0"]
[ECO "C10"]
[WhiteElo "2331"]
[BlackElo "1996"]
[Annotator "NA"]
[PlyCount "91"]
[EventDate "2017.??.??"]
[EventType "swiss"]
[EventCountry "NOR"]
[SourceTitle "playchess.com"]
[Source "ChessBase"]
[SourceQuality "1"]
[TimeControl "5400+30"]

1. e4 e6 2. d4 d5 3. Nd2 dxe4 4. Nxe4 Nd7 5. Nf3 Ngf6 6. Nxf6+ Nxf6 {[%emt 0:00:10] LiveBook: 1907 Games} 7. Bd3 c5 8. Be3 Qb6 {[%emt 0:06:28] C10: French with 3 Nc3: Unusual Black 3rd moves and 3...dxe4} (8... Qc7 9. Qe2 a6 10. O-O b6 11. c3 Bb7 12. Bc2 Bd6 13. Ba4+ b5 14. dxc5 Bxc5 15. Bc2 Ng4 16. g3 Nxe3 17. fxe3 {1-0 (39) Karjakin,S (2783)-Meier,G (2630) chess.com INT 2017}) 9. Ne5 $146 ({Predecessor:} 9. O-O Be7 10. Qe2 O-O 11. c3 Rd8 12. Ne5 Qc7 13. Qf3 Bd6 14. Rad1 Nd5 15. Qh3 g6 16. Qh4 {1-0 (26) Santos Crespo,I (2485)-Alexandre Bisquert,F (2326) ICCF 2005}) 9... cxd4 {[%emt 0:04:16] [#]} 10. Bxd4 $1 Bc5 11. Bxc5 Qxc5 12. Qe2 Qa5+ 13. c3 a6 14. O-O O-O 15. c4 Qc5 16. Rac1 Nd7 17. Nf3 a5 18. Rfe1 Qh5 19. Qd2 b6 20. Re4 Nf6 (20... Qc5 $11) 21. Re5 (21. Rh4 $16 Qc5 22. Re1) 21... Qh6 $1 22. Qxh6 gxh6 23. Rb5 Nd7 24. Rh5 Kg7 (24... Nc5 $5 25. Be2 Bb7 $14) 25. Re1 $11 (25. Be4 $5 Nf6 26. Bxa8 Nxh5 27. b3 $11) 25... Nc5 26. Re3 f5 27. Ne5 f4 28. Reh3 Nxd3 29. Rxd3 Rf5 30. Rxf5 exf5 31. Rd6 Rb8 32. Rd8 Ra8 33. Nd3 f3 34. gxf3 Bb7 35. Rd7+ Kg6 36. Rxb7 Rd8 37. Nf4+ Kf6 38. Rxb6+ Ke5 39. Nd5 Kd4 40. b3 Re8 41. Kf1 Kd3 42. Rxh6 Kd2 43. Rxh7 Re1+ 44. Kg2 Ra1 45. a4 Ra3 46. Rb7 1-0

[Event "Oslo Chess Festival 2017"]
[Site "Oslo"]
[Date "2017.09.30"]
[Round "2"]
[White "Ingebretsen, Jens E"]
[Black "Vogt, Lothar"]
[Result "1-0"]
[ECO "B53"]
[WhiteElo "2062"]
[BlackElo "2401"]
[Annotator "NA"]
[PlyCount "109"]
[EventDate "2017.??.??"]
[EventType "swiss"]
[EventCountry "NOR"]
[SourceTitle "playchess.com"]
[Source "ChessBase"]
[SourceQuality "1"]
[TimeControl "5400+30"]

1. e4 c5 2. Nf3 Nc6 3. Bb5 d6 4. d4 cxd4 5. Qxd4 Bd7 6. Qd3 g6 7. c4 Bg7 8. O-O Nf6 9. Nc3 O-O 10. h3 a6 11. Bxc6 Bxc6 12. Be3 {[%emt 0:00:55] LiveBook: 29 Games} Qa5 {[%emt 0:17:35] B53: Sicilian: 2...d6: Lines with Qxd4} 13. a4 $146 ({Predecessor:} 13. Nd4 Rfc8 14. a3 Nd7 15. Rac1 Nc5 16. Qb1 Bxd4 17. Bxd4 Nb3 18. Rcd1 Nxd4 19. Rxd4 b5 20. cxb5 Bxb5 21. Rc1 Bc4 22. Nd5 {½-½ (22) Roiz,M (2651)-Alterman,B (2570) Israel 2012}) 13... Nd7 14. Nd4 Ne5 15. Qe2 Qb4 16. f4 (16. Nd5 $15 Bxd5 17. cxd5) 16... Nxc4 17. Na2 (17. Bf2 $17 {is a better defense.}) 17... Qxb2 18. Qxc4 Bxe4 19. Nf3 Bxf3 20. gxf3 Rac8 21. Qd3 Rc2 $2 (21... d5 $17 22. Rfb1 Qf6) 22. Rfb1 Rg2+ 23. Kf1 Qc2 24. Nb4 Qxd3+ 25. Nxd3 Rg3 $1 26. Ra2 b5 $2 (26... Rxf3+ $11 {and Black stays safe.} 27. Ke2 Rxh3) 27. axb5 axb5 {[%emt 0:00:03] [#]} 28. Rh2 $1 g5 $2 (28... h5 29. Rxb5 Ra8) 29. Kf2 gxf4 30. Nxf4 Rg5 31. Ne6 Rd5 32. Nxf8 Kxf8 33. Rhh1 Bc3 34. Rhd1 Rh5 35. Kg2 b4 36. Bd2 $18 Rc5 37. Bxc3 bxc3 38. Rbc1 Rg5+ 39. Kh2 d5 40. Rxc3 e6 41. Rg1 Rf5 42. Rg4 h5 43. Rg1 d4 44. Rd3 e5 45. Ra1 Kg7 46. Ra6 f6 47. Ra8 Rf4 48. Kg2 Kg6 49. Rg8+ Kh7 50. Rg3 f5 51. Ra3 e4 52. Ra7+ Kh6 53. Ra6+ Kh7 54. fxe4 fxe4 55. Ra4 1-0

[Event "Oslo Chess Festival 2017"]
[Site "Oslo"]
[Date "2017.09.30"]
[Round "2"]
[White "Federovski, Adi"]
[Black "Haug, Johannes"]
[Result "0-1"]
[ECO "B11"]
[WhiteElo "2030"]
[BlackElo "2379"]
[Annotator "NA"]
[PlyCount "62"]
[EventDate "2017.??.??"]
[EventType "swiss"]
[EventCountry "NOR"]
[SourceTitle "playchess.com"]
[Source "ChessBase"]
[SourceQuality "1"]
[TimeControl "5400+30"]

1. e4 c6 2. Nc3 d5 3. Nf3 Bg4 4. h3 Bxf3 5. Qxf3 e6 6. Be2 Nf6 {[%emt 0:03:11] B11: Caro-Kann: Two Knights Variation} (6... Bc5 7. O-O Ne7 8. Na4 Bd6 9. d4 dxe4 10. Qxe4 Nd7 11. Rd1 O-O 12. Qf3 Qa5 13. Nc3 Nf6 14. Ne4 Nxe4 15. Qxe4 {1-0 (57) Vachier Lagrave,M (2796)-Mamedyarov,S (2800) Paris 2017}) 7. O-O Bc5 {[%emt 0:04:57] LiveBook: 14 Games} 8. Rd1 Bd4 9. d3 O-O 10. Bf4 $146 ({Predecessor:} 10. Nb1 Nbd7 11. c3 Bb6 12. Bf4 Bc7 13. Nd2 Qb8 14. Bxc7 Qxc7 15. d4 Nxe4 16. Nxe4 dxe4 17. Qxe4 {½-½ (62) Yemelin,V (2564)-Yevseev,D (2525) St Petersburg 2007}) 10... Nbd7 11. Qg3 Qb6 12. Rab1 e5 13. Bg5 Kh8 14. Rf1 h6 15. Bd2 Qc5 16. b4 Qe7 17. Nd1 (17. exd5 $11 cxd5 18. Nb5) 17... dxe4 18. Ne3 Qe6 19. Rb3 Rad8 20. Qh4 exd3 21. Bxd3 e4 22. Bc4 Qe5 23. Bc1 Kh7 24. Ng4 Nxg4 25. hxg4 g5 26. Qh3 Nb6 $17 27. Be2 Nd5 28. Bd1 Nc3 29. Kh1 Qf6 30. Be3 Bxe3 31. Qxe3 Nxd1 0-1

[Event "Oslo Chess Festival 2017"]
[Site "Oslo"]
[Date "2017.09.30"]
[Round "2"]
[White "Lindbol, Aleksander"]
[Black "Devereaux, Maxim L"]
[Result "0-1"]
[ECO "A20"]
[WhiteElo "2006"]
[BlackElo "2357"]
[Annotator "NA"]
[PlyCount "142"]
[EventDate "2017.??.??"]
[EventType "swiss"]
[EventCountry "NOR"]
[SourceTitle "playchess.com"]
[Source "ChessBase"]
[SourceQuality "1"]
[TimeControl "5400+30"]

1. c4 e5 2. g3 Nf6 3. Bg2 c6 4. e4 {[%emt 0:05:24] A20: English Opening: 1...e5} (4. Nf3 e4 5. Nd4 Qb6 6. e3 d5 7. Nc3 Bg4 8. f3 exf3 9. Bxf3 Bxf3 10. Qxf3 dxc4 11. b3 cxb3 12. O-O Nbd7 13. axb3 {0-1 (34) Aronian,L (2799)-Caruana,F (2807) Saint Louis 2017}) 4... Bc5 5. Nc3 d6 {[%emt 0:02:02] LiveBook: 3 Games} 6. Nge2 Be6 7. d3 Ng4 8. O-O Qf6 $146 ({Predecessor:} 8... f5 9. h3 Nf6 10. exf5 Bxf5 11. d4 Bb6 12. dxe5 dxe5 {1-0 (35) Macko,M (2123)-Miciak,M (2083) Slovakia 2013}) 9. Qe1 $1 h5 10. h4 a6 ({Black should try} 10... a5 $11) 11. Na4 Nd7 (11... Qe7 $14) 12. Bg5 (12. Nxc5 $16 Nxc5 13. Qd1) 12... Qg6 (12... Bxf2+ $14 13. Rxf2 Qxf2+ 14. Qxf2 Nxf2 15. Kxf2 b5) 13. Nxc5 Nxc5 $16 14. Qc3 f6 15. Bd2 a5 16. f3 Nh6 17. Be3 Qf7 18. b3 Qc7 19. Rfd1 Nf7 20. Rac1 Na6 21. d4 c5 22. dxc5 dxc5 23. Qb2 O-O 24. Rd2 (24. Nc3 $16) 24... Rfd8 25. Nc3 b6 26. Rcd1 Nb4 27. Nd5 Qa7 28. a4 Nc6 29. Rc1 Rac8 30. Kh2 Nd4 31. Qa3 Bxd5 32. cxd5 Rc7 33. Qb2 Re7 34. Re1 Qc7 35. Rc1 Qd6 36. Re1 Rf8 37. Qa3 f5 38. f4 fxe4 39. fxe5 Rxe5 40. Bxd4 cxd4 41. Qxd6 Nxd6 42. Rxd4 g6 43. Kg1 Kg7 44. Rd2 Rc8 45. Re3 Rc5 46. Rde2 Rcxd5 47. Bxe4 Nxe4 48. Rxe4 Rxe4 49. Rxe4 Rd3 50. Kf2 Rxb3 51. Re6 Rb4 52. Rc6 Kf7 53. Kf3 Rxa4 54. Rxb6 Rg4 55. Ra6 a4 56. Rd6 Ke7 57. Rd3 Rb4 58. Rd5 Ke6 59. Ra5 Rg4 60. Kf2 Kd6 61. Kf3 Kc6 62. Kf2 Kb6 63. Ra8 Kb5 64. Kf3 Kb4 65. Rb8+ Kc3 66. Ra8 Kb3 67. Rb8+ Rb4 68. Re8 a3 69. Re3+ Ka4 70. Re6 a2 71. Re8 Ka3 0-1

[Event "Oslo Chess Festival 2017"]
[Site "Oslo"]
[Date "2017.09.30"]
[Round "2"]
[White "Vitenberg, Noam Aviv"]
[Black "Chu, Wei Chao"]
[Result "0-1"]
[ECO "A70"]
[WhiteElo "1989"]
[BlackElo "2340"]
[Annotator "NA"]
[PlyCount "164"]
[EventDate "2017.??.??"]
[EventType "swiss"]
[EventCountry "NOR"]
[SourceTitle "playchess.com"]
[Source "ChessBase"]
[SourceQuality "1"]
[TimeControl "5400+30"]

1. d4 Nf6 2. c4 c5 3. d5 e6 4. Nc3 exd5 5. cxd5 d6 6. e4 g6 7. h3 Bg7 8. Nf3 O-O 9. Bd3 a6 10. a4 Nbd7 11. O-O Ne8 {[%emt 0:02:51] A70: Modern Benoni: 6 e4 g6 7 Nf3} (11... Nh5 12. Bg5 Bf6 13. Be3 Re8 14. Qd2 Ne5 15. Be2 Nxf3+ 16. Bxf3 Ng7 {½-½ (16) Kazhgaleyev,M (2594)-Ponomariov,R (2709) chess.com INT 2017}) 12. Bf4 {[%emt 0:17:14] LiveBook: 6 Games} Qe7 13. a5 Rb8 14. Qe2 $146 ({Predecessor:} 14. Re1 Nc7 15. Bf1 Ne5 16. Nxe5 Bxe5 17. Bxe5 Qxe5 18. Qd2 b6 19. axb6 Rxb6 {0-1 (49) Pantovic,D (2132)-Milenkovic,M (2373) Vrnjacka Banja 2014}) 14... Nc7 15. Nd1 b5 16. axb6 Rxb6 17. Re1 Re8 18. Qc2 Ne5 19. Nxe5 Bxe5 20. Bxe5 Qxe5 21. Re2 Nb5 22. Bxb5 axb5 23. Ra8 Ra6 24. Rxa6 Bxa6 25. b4 Rc8 ({Better is} 25... Qa1 $15) 26. Qa2 Ra8 27. Qb2 Qxb2 28. Rxb2 Bc8 29. Nc3 Bd7 30. Ra2 Rc8 31. Ne2 (31. Rb2 $15) 31... cxb4 32. f3 (32. Rb2 $17) 32... b3 33. Ra1 b2 34. Rb1 Rc2 35. Kf2 b4 36. Ke3 f5 37. g4 fxe4 38. fxe4 Kg7 39. Kd3 b3 40. Nd4 Rh2 41. Nxb3 Rxh3+ 42. Kc4 Re3 (42... Kf6 $17 43. Rxb2 Ke5) 43. Nd2 Bxg4 44. Kd4 Re2 45. Rxb2 h5 46. Rb7+ Kh6 47. Nc4 h4 48. Nxd6 {[%emt 0:00:30] [#]} h3 $11 (48... Kg5 $1 $17 49. Rb1 h3) 49. Nf7+ Kh5 50. Ne5 h2 51. Rh7+ Kg5 52. Nxg4 Kxg4 53. Kd3 Ra2 54. d6 Ra3+ 55. Kd2 Rh3 56. Rxh3 Kxh3 57. d7 h1=Q 58. d8=Q Qxe4 59. Qh8+ Kg3 60. Qc3+ Qf3 61. Qg7 Qf4+ 62. Ke2 g5 63. Qc3+ Kh2 64. Qh8+ Kg2 65. Qa8+ Kg3 66. Qa3+ Kh2 67. Qe7 g4 68. Ke1 g3 69. Qh7+ Kg1 70. Qg6 Qe3+ 71. Kd1 g2 72. Qf5 Kh2 73. Qh5+ Kg3 74. Qg6+ Kf2 75. Qc2+ Kf1 76. Qc4+ Kg1 77. Qg4 Qf2 78. Qh3 Qd4+ 79. Ke1 Qe4+ 80. Kd2 Kf2 81. Qh2 Qe3+ 82. Kd1 Qg3 0-1

[Event "Oslo Chess Festival 2017"]
[Site "Oslo"]
[Date "2017.09.30"]
[Round "2"]
[White "Taksrud, Vidar"]
[Black "Mikalsen, Erlend"]
[Result "1/2-1/2"]
[ECO "D01"]
[WhiteElo "1983"]
[BlackElo "2322"]
[Annotator "NA"]
[PlyCount "52"]
[EventDate "2017.??.??"]
[EventType "swiss"]
[EventCountry "NOR"]
[SourceTitle "playchess.com"]
[Source "ChessBase"]
[SourceQuality "1"]
[TimeControl "5400+30"]

1. Nc3 d5 2. d4 Nf6 3. Bg5 Nbd7 4. e3 e6 5. Nf3 a6 {[%emt 0:03:54] D01: Veresov Opening} (5... c5 6. dxc5 Bxc5 7. Bd3 h6 8. Bh4 Be7 9. O-O O-O 10. Qe2 Nc5 11. Rfd1 b6 12. Ne5 Bb7 13. Nb5 {½-½ (114) Sean,W (2403)-Shyam,S (2536) Ho Chi Minh City 2017}) 6. Be2 Be7 7. O-O c5 8. a4 O-O 9. Re1 b6 10. Bf1 Bb7 11. Ne2 $146 ({Predecessor:} 11. g3 h6 12. Bxf6 Bxf6 13. Bg2 Rc8 14. Rb1 {½-½ (36) Khudaya,A (2054)-Savushkina,E (2155) Minsk 2007}) 11... b5 12. Ng3 b4 13. c3 h6 14. Bxf6 Nxf6 15. cxb4 cxb4 16. Ne5 Rc8 17. Rc1 Rxc1 18. Qxc1 Qa5 19. Nc6 Qc7 20. Nxe7+ Qxe7 21. Qd2 h5 22. f3 a5 23. Rc1 h4 24. Ne2 Qd7 25. b3 Rc8 $11 26. Rxc8+ Qxc8 1/2-1/2